 Dungeon Crawl Stone Soup version 0.19.1-1-g22dce08 (webtiles) character file.

3179 pichaelthompson the Cutter (level 9, -4/69 HPs)
             Began as a Demonspawn Berserker on Jan 5, 2017.
             Was an Elder of Trog.
             Slain by a centaur warrior (8 damage)
             ... on level 9 of the Dungeon.
             The game lasted 00:46:58 (8501 turns).

pichaelthompson the Cutter (Demonspawn Berserker)   Turns: 8501, Time: 00:46:58

Health: -4/69      AC: 18    Str: 18    XL:     9   Next: 63%
Magic:  18/18      EV:  9    Int: 11    God:    Trog [****..]
Gold:   318        SH:  0    Dex: 15    Spells: 0 memorised, 8 levels left

rFire  + . .     SeeInvis .     h - +3 great sword (freeze) (curse)
rCold  . . .     Gourm    .     p - +4 chain mail {rF+}
rNeg   . . .     Faith    .     (shield currently unavailable)
rPois  .         Spirit   .     r - +0 helmet
rElec  .         Reflect  .     (no cloak)
rCorr  .         Harm     .     (no gloves)
MR     ++...                    (no boots)
Stlth  ..........               w - amulet of regeneration
                                F - ring of magical power
                                o - +2 ring of intelligence

@: exhausted, regenerating, slowed, very slow
A: claws 1, icy blue scales 2, powered by death 2, powered by pain 1
a: Berserk, Trog's Hand, Brothers in Arms, Burn Spellbooks, Renounce Religion


You were on level 9 of the Dungeon.
You worshipped Trog.
Trog was greatly pleased with you.
You were very hungry.

You visited 1 branch of the dungeon, and saw 9 of its levels.

You collected 318 gold pieces.

Inventory:

Hand Weapons
 h - a cursed +3 great sword of freezing (weapon)
 k - a +2 short sword of protection
 s - a +1 flail of draining
 B - a +1 halberd of flaming
 I - a +1 whip of venom
 J - a +3 dagger of venom
Armour
 p - a +4 chain mail of fire resistance (worn)
 r - a +0 helmet (worn)
Jewellery
 o - a +2 ring of intelligence (left claw)
 w - an amulet of regeneration (around neck)
 F - a ring of magical power (right claw)
Wands
 H - a wand of enslavement (15/24)
 L - a wand of flame (17/48)
Scrolls
 a - a scroll of recharging {unknown}
 b - a scroll of amnesia {unknown}
 d - 2 scrolls of noise {unknown}
 f - 3 scrolls of teleportation
 i - 2 scrolls of random uselessness {unknown}
 m - 7 scrolls of remove curse
 n - a scroll of acquirement {unknown}
 t - 6 scrolls of magic mapping {unknown}
 x - 3 scrolls of enchant weapon {unknown}
 y - 2 scrolls of fear {unknown}
 z - a scroll of immolation {unknown}
 C - a scroll of blinking {unknown}
 G - 2 scrolls of enchant armour {unknown}
Potions
 e - a potion of cancellation
 g - a potion of berserk rage
 j - a potion of might
 q - 3 potions of curing
 v - 2 potions of brilliance
 A - a potion of haste
 D - a potion of mutation {unknown}
 E - a potion of heal wounds {unknown}
Comestibles
 c - 5 bread rations
 l - 6 meat rations
 u - 25 fruits


   Skills:
 + Level 6.0 Fighting
 + Level 7.6(7.9) Short Blades
 + Level 3.0(5.7) Long Blades
   Level 3.1 Axes
 + Level 6.6 Armour
 + Level 4.3 Dodging
 + Level 1.2 Stealth


You had 8 spell levels left.
You didn't know any spells.

Dungeon Overview and Level Annotations

Branches:
Dungeon (9/15)             Temple (0/1) D:6
   Lair: D:8-11         Orc: D:9-12

Altars:
Cheibriados
Elyvilon
Fedhas
Kikubaaqudgha
Makhleb
Okawaru
Sif Muna
Xom
The Shining One


Innate Abilities, Weirdness & Mutations

You have sharp fingernails.
You are mostly covered in icy blue scales. (AC +3)
You regenerate health from kills.
You sometimes gain a little power by taking damage.


Message History

* * * LOW HITPOINT WARNING * * *
The black mamba bites you but does no damage.
Your ogre hits the black mamba with a giant club!!
The black mamba bites you but does no damage.
The centaur warrior hits you.
* * * LOW HITPOINT WARNING * * *
A bullfrog comes into view.
The bullfrog gives a loud, deep croak!
You slash the centaur warrior! You freeze the centaur warrior.
The centaur warrior is heavily wounded.
The black mamba misses you.
Your ogre misses the black mamba.
The bullfrog moves out of view.
The centaur warrior hits you!
* * * LOW HITPOINT WARNING * * *
The black mamba bites you but does no damage.
The centaur warrior barely misses you.
Your ogre closely misses the black mamba.
The black mamba bites you.
* * * LOW HITPOINT WARNING * * *
The centaur warrior hits you!
You die...

.. ... ..# ..###..
... ....... .#.
..}⌠|.. ### ...
..!..#..# . ...
##.....# .. ...
#..Zh(###... ...
#..#cSO....# .##
####@......# ...
#..#..###..# ..#...
.. #).....# .. ......
#..###..#.(#
..###.....
#.......#### #
........ #.......#..#
.#.......###
....###.....# ....
#..... ...
#.....###....###.....
..
#..#.................


You could see a centaur warrior, a black mamba shaped shifter, a jackal, a
quokka skeleton and a friendly ogre (berserk).

Vanquished Creatures
  Erolcha (D:9)
  2 ice beasts
  A sky beast (D:8)
  An orc warrior (D:6)
  4 ogres
  2 centaurs (D:5)
  A big kobold (D:9)
  3 bullfrogs (D:7)
  3 killer bees (D:5)
  4 wights (D:8)
  A howler monkey (D:4)
  2 bullfrog zombies
  2 crimson imps (D:9)
  3 hounds
  An orc priest (D:3)
  A bullfrog skeleton (D:9)
  A quasit (D:8)
  Terence (D:2)
  6 orc wizards
  5 worker ants
  A killer bee zombie (D:9)
  A hound skeleton (D:8)
  A worker ant zombie (D:8)
  Robin (D:2)
  11 gnolls
  9 adders
  A shadow imp (D:7)
  2 oozes
  An adder zombie (D:8)
  An adder skeleton (D:8)
  5 worms
  A dart slug (D:1)
  3 leopard geckos
  17 orcs
  4 bat zombies (D:5)
  8 giant cockroaches
  15 goblins
  10 hobgoblins
  2 quokkas
  10 bats
  8 frilled lizards
  14 kobolds
  A leopard gecko skeleton (D:8)
  2 leopard gecko zombies
  A quokka skeleton (D:7)
  A quokka zombie (D:6)
  6 rats
  A rat zombie (D:5)
183 creatures vanquished.

Vanquished Creatures (others)
  An orc wizard (D:6)
1 creature vanquished.

Grand Total: 184 creatures vanquished

Notes
Turn   | Place    | Note
-------+----------+-------------------------------------------
     0 | D:1      | pichaelthompson the Demonspawn Berserker began the quest for the Orb.
     0 | D:1      | Reached XP level 1. HP: 18/18 MP: 1/1
   427 | D:1      | Gained mutation: You regenerate a little health from kills. [demonic ancestry]
   427 | D:1      | Reached XP level 2. HP: 15/24 MP: 2/2
  1074 | D:1      | Reached XP level 3. HP: 27/29 MP: 3/3
  1650 | D:2      | Reached skill level 1 in Short Blades
  1671 | D:2      | Noticed Terence
  1680 | D:2      | Killed Terence
  1680 | D:2      | Reached ** piety under Trog
  1797 | D:2      | Gained mutation: You regenerate health from kills. [demonic ancestry]
  1797 | D:2      | Reached XP level 4. HP: 36/36 MP: 4/4
  1869 | D:2      | Noticed Robin
  1887 | D:2      | Killed Robin
  1899 | D:2      | Reached skill level 2 in Short Blades
  2203 | D:2      | Found an iron altar of Okawaru.
  2538 | D:3      | Found a white marble altar of Elyvilon.
  2572 | D:3      | Gained mutation: You sometimes gain a little power by taking damage. [demonic ancestry]
  2572 | D:3      | Reached XP level 5. HP: 42/42 MP: 5/5
  2917 | D:3      | Reached skill level 3 in Short Blades
  2953 | D:3      | Found a blossoming altar of Fedhas.
  2966 | D:3      | Gained mutation: You are partially covered in icy blue scales. (AC +2) [demonic ancestry]
  2966 | D:3      | Reached XP level 6. HP: 48/48 MP: 6/6
  2975 | D:3      | Reached *** piety under Trog
  3031 | D:3      | Found a shimmering altar of Xom.
  3948 | D:4      | Reached skill level 4 in Short Blades
  4099 | D:4      | Reached XP level 7. HP: 11/55 MP: 7/7
  4780 | D:4      | Found a snail-covered altar of Cheibriados.
  4791 | D:4      | Found a deep blue altar of Sif Muna.
  4989 | D:5      | Entered Level 5 of the Dungeon
  5114 | D:5      | Reached skill level 5 in Short Blades
  5274 | D:5      | Found a glowing golden altar of the Shining One.
  5384 | D:5      | Found a burning altar of Makhleb.
  5472 | D:5      | Reached skill level 5 in Fighting
  5472 | D:5      | Gained mutation: You are mostly covered in icy blue scales. (AC +3) [demonic ancestry]
  5472 | D:5      | Reached XP level 8. HP: 62/62 MP: 8/8
  5651 | D:5      | Found an ancient bone altar of Kikubaaqudgha.
  5860 | D:6      | Reached **** piety under Trog
  5860 | D:6      | Reached skill level 6 in Short Blades
  5894 | D:6      | Reached skill level 5 in Armour
  6111 | D:6      | Found a staircase to the Ecumenical Temple.
  7575 | D:8      | Reached skill level 7 in Short Blades
  7683 | D:8      | Found a glowing golden altar of the Shining One.
  7868 | D:8      | Gained mutation: You have sharp fingernails. [demonic ancestry]
  7868 | D:8      | Reached XP level 9. HP: 64/68 MP: 9/9
  8297 | D:9      | Reached skill level 1 in Long Blades
  8442 | D:9      | Reached skill level 1 in Stealth
  8465 | D:9      | Noticed Erolcha
  8476 | D:9      | Killed Erolcha
  8492 | D:9      | Noticed a centaur warrior
  8492 | D:9      | Noticed a harpy
  8495 | D:9      | Noticed a black mamba
  8495 | D:9      | a harpy changed into a black mamba
  8501 | D:9      | Slain by a centaur warrior

Skill      XL: |  1  2  3  4  5  6  7  8  9 |
---------------+----------------------------+-----
Axes           | 3 |  3.1
Dodging        | 2 3 4 |  4.3
Short Blades   | 1 2 3 4 5 7 |  7.6
Armour         | 2 3 4 5 6 |  6.6
Fighting       | 4 5 6 |  6.0
Long Blades    | 3 |  3.0
Stealth        | 1 |  1.2

Action                   |  1- 3 |  4- 6 |  7- 9 || total
-------------------------+-------+-------+-------++-------
Melee: Hand axe          |    27 |       |       ||    27
       Short sword       |    83 |   275 |   276 ||   634
       Dagger            |    11 |       |   171 ||   182
       Great sword       |       |       |    40 ||    40
Invok: Berserk           |     1 |     3 |     5 ||     9
       Trog's Hand       |       |       |     1 ||     1
       Brothers in Arms  |       |       |     1 ||     1
  Use: Scroll            |       |     4 |     6 ||    10
 Stab: Sleeping          |     1 |       |       ||     1
  Eat: Chunk             |     4 |     8 |    10 ||    22
       Fruit             |       |     2 |     7 ||     9
       Pizza             |       |       |     1 ||     1
       Beef jerky        |       |       |     1 ||     1
Armor: Animal skin       |    49 |       |       ||    49
       Chain mail        |     6 |   272 |   325 ||   603
Dodge: Dodged            |    83 |   174 |   223 ||   480
       Rpst.: Great sword |       |       |     8 ||     8
